 Dungeon Crawl Stone Soup version 0.29-a0-517-gbdf32494f2 (webtiles) character file.

Game seed: 2241168442959483786

546 DocClef the Covert (level 7, -2/60 HPs)
             Began as a Gnoll Delver on May 30, 2022.
             Was an Initiate of Okawaru.
             Slain by an orc
             ... wielding a +0 falchion
              (7 damage)
             ... on level 6 of the Dungeon.
             The game lasted 00:07:47 (6614 turns).

DocClef the Covert (Gnoll Delver)                   Turns: 6614, Time: 00:07:47

Health: -2/60      AC:  4    Str: 13    XL:     7   Next: 28%
Magic:  10/10      EV: 13    Int: 10    God:    Okawaru [......]
Gold:   284        SH:  0    Dex: 13    Spells: 10/10 levels left

rFire   . . .      SeeInvis .   x - +1 trident (venom)
rCold   . . .      Faith    .   (no shield)
rNeg    . . .      Spirit   .   b - +0 leather armour
rPois   .          Reflect  .   (no helmet)
rElec   .          Harm     .   (no cloak)
rCorr   .          Rampage  .   q - +0 pair of gloves
Will    .....                   (no boots)
Stlth   ++++......              (no amulet)
HPRegen 0.20/turn               (no ring)
MPRegen 0.12/turn               (no ring)

@: no status effects
A: fangs 1, strong nose, distributed training
a: Renounce Religion


You were on level 6 of the Dungeon.
You worshipped Okawaru.
Okawaru was noncommittal.
You visited 2 branches of the dungeon, and saw 7 of its levels.

You collected 284 gold pieces.

Inventory:

Hand Weapons
 a - a +0 short sword
 i - a +0 morningstar
 x - a +1 trident of venom (weapon)
Missiles
 t - 2 throwing nets (quivered)
Armour
 b - a +0 leather armour (worn)
 m - the +1 leather armour "Kuaqaoga" {rF++ rC- rCorr Dex+4}
   (You found it on level 3 of the Dungeon)

   Dex:       It affects your dexterity (+4).
   rF:        It greatly protects you from fire.
   rC:        It makes you vulnerable to cold.
   rCorr:     It protects you from acid and corrosion.
 q - a +0 pair of gloves (worn)
Wands
 g - a wand of digging (3)
 h - a wand of paralysis (2)
 n - a wand of flame (30)
Scrolls
 c - a scroll of fog
 d - 3 scrolls of magic mapping
 e - a scroll of fear
 j - 4 scrolls of identify
 l - 3 scrolls of teleportation
 s - a scroll of summoning {unknown}
 v - a scroll of blinking {unknown}
 w - a scroll of immolation {unknown}
Potions
 f - a potion of haste
 k - a potion of degeneration
 o - a potion of flight
 u - 4 potions of curing


   Skills:
 + Level 7.0 Fighting
 + Level 5.2 Short Blades
 + Level 2.3 Long Blades
 + Level 2.3 Axes
 + Level 2.3 Maces & Flails
 + Level 2.3 Polearms
 + Level 2.3 Staves
 + Level 2.3 Slings
 + Level 2.3 Bows
 + Level 2.3 Crossbows
 + Level 2.3 Throwing
 + Level 2.3 Armour
 + Level 5.2 Dodging
 + Level 9.9 Stealth
 + Level 2.3 Shields
 + Level 2.3 Unarmed Combat
 + Level 2.3 Spellcasting
 + Level 1.9 Conjurations
 + Level 1.9 Hexes
 + Level 1.9 Summonings
 + Level 1.9 Necromancy
 + Level 1.9 Translocations
 + Level 1.9 Transmutations
 + Level 1.9 Fire Magic
 + Level 1.9 Ice Magic
 + Level 1.9 Air Magic
 + Level 1.9 Earth Magic
 + Level 1.9 Poison Magic
 + Level 2.6 Invocations
 + Level 2.3 Evocations


You had 10 spell levels left.
You didn't know any spells.
Your spell library was empty.

Dungeon Overview and Level Annotations

Branches:
Dungeon (6/15)             Temple (1/1) D:4

Altars:
Ashenzari
Cheibriados
Elyvilon
Fedhas
Gozag
Hepliaklqana
Okawaru
Qazlal
Ru
Sif Muna
Uskayaw
Vehumet
Yredelemnul
Zin
The Shining One

Annotations:
D:4 3 runed translucent doors, DocClef's ghost, weakling GnDe
D:5 Menkaure


Innate Abilities, Weirdness & Mutations

You have very sharp teeth.
Your uncanny sense of smell can sniff out nearby items.
Your experience applies equally to all skills.


Message History

You closely miss the orc wizard. You punch the orc wizard.
You kill the orc wizard!
Okawaru accepts your kill.
You hear some strange, mumbled words.
You are confused.
Something hits you.
You completely miss something.
You hear some strange, mumbled words.
Something tries to affect you, but you resist.
Something hits you but does no damage.
You closely miss something. Something hits you.
You closely miss something. Something hits you but does no damage.
The orc barely misses you.
Something hits you but does no damage. x2
The orc barely misses you. Something hits you.
You closely miss something. Your bite misses something. Something hits you.
The orc barely misses you.
You hear some strange, mumbled words.
Something tries to affect you, but you resist.
You puncture the orc!
You kill the orc!
Okawaru accepts your kill.
You feel less confused. Something hits you. x2
You closely miss something. Your punch misses something.
Your bite misses something. The orc completely misses you. Something hits you.
* * * LOW HITPOINT WARNING * * *
Something hits you.
* * * LOW HITPOINT WARNING * * *
You barely miss something. The orc barely misses you.
You hear some strange, mumbled words.
A magic dart appears from out of thin air!
The magic dart hits you.
* * * LOW HITPOINT WARNING * * *
Something hits you but does no damage.
You hit the orc but do no damage.
The orc is poisoned.
Something hits you.
* * * LOW HITPOINT WARNING * * *
The orc barely misses you. Something hits you.
* * * LOW HITPOINT WARNING * * *
The orc hits you with a +0 falchion!
You die...

### #..)# ∆
...#...## ∆
#####.#....# ∆
...........#
.......<...#
##.##.#....#
..........#
...#.#.#..#
##......{@)#
#..#.#.#o#######
#..#.#.#..$....#
#. #
#...$.........
#.#######.####
#. # #


You could see an orc (very poisoned).

Vanquished Creatures
  A water moccasin (D:5)
  A necrophage (D:3)
  A howler monkey (D:5)
  4 iguanas
  Natasha (thrice) (D:3)
  An orc wizard (D:6)
  2 gnolls
  3 adders
  An ufetubus (D:2)
  15 orcs
  7 bats
  3 endoplasms
  A giant cockroach (D:4)
  5 goblins
  9 hobgoblins
  4 jackals (D:5)
  2 kobolds
  3 quokkas
  6 ball pythons
  2 frilled lizards (D:2)
  6 rats
80 creatures vanquished.

Notes
Turn   | Place    | Note
-------+----------+-------------------------------------------
     0 | D:5      | Reached skill level 9 in Stealth
     0 | D:5      | DocClef the Gnoll Delver began the quest for the Orb.
     0 | D:5      | Reached XP level 1. HP: 23/23 MP: 1/1
    25 | D:5      | Noticed an iguana
    25 | D:5      | Noticed a howler monkey
    32 | D:5      | Killed a howler monkey
    33 | D:5      | Reached skill level 1 in Invocations
    33 | D:5      | Reached XP level 2. HP: 29/29 MP: 1/3
    33 | D:5      | Reached XP level 3. HP: 35/35 MP: 1/4
    35 | D:5      | Reached skill level 1 in Long Blades
    35 | D:5      | Reached skill level 1 in Axes
    35 | D:5      | Reached skill level 1 in Maces & Flails
    35 | D:5      | Reached skill level 1 in Polearms
    35 | D:5      | Reached skill level 1 in Staves
    35 | D:5      | Reached skill level 1 in Slings
    35 | D:5      | Reached skill level 1 in Bows
    35 | D:5      | Reached skill level 1 in Crossbows
    35 | D:5      | Reached skill level 1 in Throwing
    35 | D:5      | Reached skill level 1 in Armour
    35 | D:5      | Reached skill level 1 in Shields
    35 | D:5      | Reached skill level 1 in Unarmed Combat
    35 | D:5      | Reached skill level 1 in Spellcasting
    35 | D:5      | Reached skill level 1 in Evocations
    35 | D:5      | Reached XP level 4. HP: 41/41 MP: 1/5
    70 | D:5      | Found a glowing silver altar of Zin.
   383 | D:4      | Reached skill level 1 in Conjurations
   383 | D:4      | Reached skill level 1 in Hexes
   383 | D:4      | Reached skill level 1 in Summonings
   383 | D:4      | Reached skill level 1 in Necromancy
   383 | D:4      | Reached skill level 1 in Translocations
   383 | D:4      | Reached skill level 1 in Transmutations
   383 | D:4      | Reached skill level 1 in Fire Magic
   383 | D:4      | Reached skill level 1 in Ice Magic
   383 | D:4      | Reached skill level 1 in Air Magic
   383 | D:4      | Reached skill level 1 in Earth Magic
   383 | D:4      | Reached skill level 1 in Poison Magic
   478 | D:5      | Noticed a water moccasin
   555 | D:4      | Reached XP level 5. HP: 40/47 MP: 6/6
   747 | D:3      | Identified the +1 leather armour "Kuaqaoga" {rF++ rC- rCorr
                  | Dex+4}
   825 | D:3      | Found a faded altar of an unknown god.
  3211 | D:3      | Reached XP level 6. HP: 36/53 MP: 8/8
  3679 | D:3      | Reached skill level 5 in Short Blades
  3679 | D:3      | Reached skill level 5 in Dodging
  3838 | D:3      | Noticed Natasha
  3840 | D:3      | Killed Natasha
  4035 | D:3      | Noticed Natasha
  4048 | D:3      | Killed Natasha
  4206 | D:4      | Found a staircase to the Ecumenical Temple.
  4250 | D:4      | Found a radiant altar of Vehumet.
  4273 | Temple   | Entered the Ecumenical Temple
  4503 | Temple   | Became a worshipper of Warmaster Okawaru
  4689 | D:4      | Found a blossoming altar of Fedhas.
  4834 | D:3      | Noticed Natasha
  4858 | D:3      | Killed Natasha
  5107 | D:4      | Found a runed translucent gate.
  5107 | D:4      | Found a runed translucent gate.
  5107 | D:4      | Found a runed translucent gate.
  5110 | D:4      | Noticed DocClef's ghost (weakling GnDe)
  5962 | D:5      | HP: 2/53 [water moccasin (8)]
  5968 | D:5      | Killed a water moccasin
  5969 | D:5      | Reached XP level 7. HP: 16/60 MP: 10/10
  6415 | D:5      | Found a glowing golden altar of the Shining One.
  6423 | D:5      | Noticed Menkaure
  6614 | D:6      | Slain by an orc

Illustrated notes

Levels and vault maps discovered:
D:1:      nzn_arrival_depleted_hourglass, layout_basic, serial_curves,
          eino_curves_02, eino_curves_02, minmay_misc_feat_pillars
D:2:      layout_basic
D:3:      layout_basic, shapermc_ecumenical_altar_venn, serial_rivers,
          chequers_serial_rivers_large_a, chequers_serial_rivers_micro_e,
          chequers_serial_rivers_micro_d, chequers_serial_rivers_large_b,
          chequers_serial_rivers_micro_a, chequers_serial_rivers_micro_c,
          hangedman_decor_riveting, minmay_bisected, uniq_natasha
D:4:      layout_rooms, fedhas_ov_isle_minmay,
          mainiacjoe_overflow_cross_hatched, minmay_temple_entry_mini_moons,
          ebering_ghost_rock_garden, skrybe_limestone_x, minivault_26
D:5:      layout_basic, mainiacjoe_overflow_catwalk,
          mainiacjoe_overflow_concentric_impassable, uniq_prince_ribbit1,
          uniq_menkaure
D:6:      minmay_bubble_buster, layout_basic, dk_xom_monty_hall
Temple:   minmay_temple_curvy_loop

Skill      XL: |  1  2  3  4  5  6 |
---------------+-------------------+-----
Stealth        | |  9.9
Invocations    | 1 2 |  2.6
Long Blades    | 1 2 |  2.3
Axes           | 1 2 |  2.3
Maces & Flails | 1 2 |  2.3
Polearms       | 1 2 |  2.3
Staves         | 1 2 |  2.3
Slings         | 1 2 |  2.3
Bows           | 1 2 |  2.3
Crossbows      | 1 2 |  2.3
Throwing       | 1 2 |  2.3
Armour         | 1 2 |  2.3
Shields        | 1 2 |  2.3
Unarmed Combat | 1 2 |  2.3
Spellcasting   | 1 2 |  2.3
Evocations     | 1 2 |  2.3
Conjurations   | 1 |  1.9
Hexes          | 1 |  1.9
Summonings     | 1 |  1.9
Necromancy     | 1 |  1.9
Translocations | 1 |  1.9
Transmutations | 1 |  1.9
Fire Magic     | 1 |  1.9
Ice Magic      | 1 |  1.9
Air Magic      | 1 |  1.9
Earth Magic    | 1 |  1.9
Poison Magic   | 1 |  1.9
Short Blades   | 5 |  5.2
Dodging        | 5 |  5.2
Fighting       | 7 |  7.0

Action                   |  1- 3 |  4- 6 |  7- 9 || total
-------------------------+-------+-------+-------++-------
Melee: Short sword       |     6 |   336 |       ||   342
       Bite              |       |    41 |     5 ||    46
       Punch             |       |     4 |     1 ||     5
       Trident           |       |    13 |    26 ||    39
  Use: Scroll            |       |     7 |       ||     7
       Potion            |       |     3 |       ||     3
 Stab: Sleeping          |     5 |    23 |     1 ||    29
       Distracted        |       |     2 |     1 ||     3
Armor: Leather armour    |       |    71 |    11 ||    82
       Skin              |       |     5 |       ||     5
Dodge: Dodged            |     1 |   229 |    17 ||   247

Table legend: (Time is in decaauts)
 A = Elapsed time spent in this place.
 B = Non-inter-level travel time spent in this place.
 C = Inter-level travel time spent in this place.
 D = Time resting spent in this place.
 E = Time spent auto-exploring this place.
 F = Levels seen in this place.
 G = Mean time per level.
                   A        B        C        D        E       F      G
               +--------+--------+--------+--------+--------+-----+--------+
         Total |   6631 |   6211 |    420 |   1543 |   3625 |   7 |  947.3 |
       Dungeon |   6367 |   6014 |    353 |   1543 |   3434 |   6 | 1061.2 |
        Temple |    263 |    196 |     67 |      0 |    191 |   1 |  263.0 |
               +--------+--------+--------+--------+--------+-----+--------+

Top non-repeatable levels by time:
     D:3: 2120 daAuts
     D:2: 1081 daAuts
     D:1: 1071 daAuts
     D:4: 1037 daAuts
     D:5: 873 daAuts
  Temple: 263 daAuts
     D:6: 182 daAuts
